 Dungeon Crawl Stone Soup version 0.27.1-35-g4d5d836560 (webtiles) character file.

Game seed: 4014250342830368451

339 BeavisTheGrey the Ruffian (level 6, -2/61 HPs)
             Began as a Troll Monk on Feb 24, 2022.
             Slain by an orc (3 damage)
             ... on level 4 of the Dungeon.
             The game lasted 00:18:46 (3538 turns).

BeavisTheGrey the Ruffian (Troll Monk)              Turns: 3538, Time: 00:18:48

Health: -2/61      AC:  4    Str: 22    XL:     6   Next: 29%
Magic:  5/5        EV: 10    Int:  6    God:
Gold:   158        SH:  0    Dex: 12    Spells: 3/5 levels left

rFire    + . .     SeeInvis .     - Unarmed
rCold    + . .     Faith    .   (no shield)
rNeg     . . .     Spirit   .   a - +0 robe
rPois    +         Reflect  .   (helmet restricted)
rElec    +         Harm     .   (no cloak)
rCorr    +         Rampage  .   (gloves unavailable)
Will     .....                  (boots unavailable)
Stlth    ++........             (no amulet)
HPRegen  1.20/turn              (no ring)
MPRegen  0.09/turn              (no ring)

@: resistant
A: large, unfitting armour, claws 3, regeneration 1, shaggy fur 1, tough skin 1
a: no special abilities


You were on level 4 of the Dungeon.
You visited 1 branch of the dungeon, and saw 4 of its levels.

You collected 158 gold pieces.

Inventory:

Missiles
 h - 22 poisoned darts (quivered)
Armour
 a - a +0 robe (worn)
Scrolls
 b - 2 scrolls of identify
 c - a scroll of enchant weapon
 g - a scroll of amnesia {unknown}
Potions
 d - a potion of curing
 f - 2 potions of flight
 i - a potion of might {unknown}
 j - a potion of berserk rage {unknown}


   Skills:
 + Level 3.1 Fighting
 + Level 3.7 Dodging
 + Level 1.7 Stealth
 + Level 5.2 Unarmed Combat


You had 3 spell levels left.
You knew the following spells:

 Your Spells              Type           Power      Damage    Failure   Level
a - Ensorcelled Hibernat  Hex/Ice        0%         N/A       58%         2

Your spell library contained the following spells:

 Spells                   Type           Power      Damage    Failure   Level
 Frozen Ramparts          Ice            0%         1d2       83%         3
 Spider Form              Tmut/Pois      0%         N/A       83%         3
 Ice Form                 Ice/Tmut       0%         N/A       99%         4
 Summon Ice Beast         Ice/Summ       0%         N/A       99%         4
 Shadow Creatures         Summ           N/A        N/A       100%        6


Dungeon Overview and Level Annotations

Branches:
Dungeon (4/15)
 Temple: D:4-7

Altars:
Dithmenos
Kikubaaqudgha
Okawaru
Ru

Shops:
D:1 [

Annotations:
D:3 1 runed translucent door, Crazy Yiuf
D:4 Blork the orc


Innate Abilities, Weirdness & Mutations

You are too large for most types of armour.
You have claws for hands.
Your natural rate of healing is unusually fast.
You are covered in fur. (AC +1)
You have tough skin. (AC +1)


Message History

You claw the orc wizard!
The orc wizard is heavily wounded.
Blork the orc hits you from afar with a +0 halberd!
The adder bites you but does no damage. The orc wizard misses you.
The adder barely misses you.
Blork the orc hits you from afar with a +0 halberd!
You scratch the orc wizard.
The orc wizard is almost dead.
Blork the orc closely misses you. The orc wizard completely misses you.
The adder closely misses you.
You claw the orc wizard!
You kill the orc wizard!
Blork the orc misses you. The adder bites you but does no damage.
You scratch the orc.
The orc is lightly wounded.
Blork the orc barely misses you. The orc hits you with a +0 falchion.
The adder completely misses you. Blork the orc barely misses you.
You closely miss the orc.
The orc is lightly wounded.
The adder closely misses you. Blork the orc closely misses you.
The orc hits you with a +0 falchion.
You barely miss the orc.
The orc is lightly wounded.
Blork the orc barely misses you. The adder bites you but does no damage.
The orc hits you but does no damage.
You scratch the orc.
The orc is heavily wounded.
Blork the orc hits you from afar with a +0 halberd!
The adder barely misses you. The orc hits you with a +0 falchion.
Blork the orc hits you from afar with a +0 halberd!
* * * LOW HITPOINT WARNING * * *
The adder closely misses you.
It was a potion of resistance.
You feel protected.
Blork the orc hits you from afar with a +0 halberd.
* * * LOW HITPOINT WARNING * * *
The adder bites you.
* * * LOW HITPOINT WARNING * * *
The orc hits you with a +0 falchion.
You die...

#.#.#..#.# #
##......#.#.###
#...$.....#.... #
#............ #
#.........# #
#......l..##.. .# #
(...###o#.##..##.# #.##
. #S# ##...#.# #.## #@#
##.#.#.####.##
#o#.##.(..........
#o#.##............
#o........>.......
#.#.##............ #.
#.#.##.........<..
#...###.................
#..........#...........
#....#.#.###...........


You could see Blork the orc (fast), an iguana, an adder and 3 orcs.

Vanquished Creatures
  An ogre (D:3)
  A scorpion (D:4)
  Jessica (D:3)
  2 orc wizards
  4 adders (D:2)
  3 worms
  2 dart slugs
  4 orcs
  3 ball pythons
  3 bats
  5 endoplasms
  2 giant cockroaches (D:1)
  3 goblins
  12 hobgoblins
  9 kobolds
  6 frilled lizards
  12 rats
  A bush (D:1)
74 creatures vanquished.

Vanquished Creatures (others)
  2 fungi (D:3)
  7 plants
9 creatures vanquished.

Grand Total: 83 creatures vanquished

Notes
Turn   | Place    | Note
-------+----------+-------------------------------------------
     0 | D:1      | BeavisTheGrey the Troll Monk began the quest for the Orb.
     0 | D:1      | Reached XP level 1. HP: 22/22 MP: 0/0
   302 | D:1      | Reached XP level 2. HP: 29/29 MP: 1/1
   812 | D:1      | Reached XP level 3. HP: 36/36 MP: 2/2
   982 | D:1      | Found Fahomu's Armour Emporium.
  1228 | D:2      | Reached XP level 4. HP: 43/44 MP: 3/3
  1648 | D:2      | Reached skill level 4 in Unarmed Combat
  2142 | D:2      | Found a faded altar of an unknown god.
  2467 | D:3      | Learned a level 2 spell: Ensorcelled Hibernation
  2517 | D:3      | Found a runed translucent door.
  2518 | D:3      | Noticed Crazy Yiuf
  2577 | D:3      | Noticed Jessica
  2583 | D:3      | Killed Jessica
  2584 | D:3      | Reached XP level 5. HP: 53/53 MP: 4/4
  2657 | D:3      | Found an ancient bone altar of Kikubaaqudgha.
  2657 | D:3      | Found a shadowy altar of Dithmenos.
  2658 | D:3      | Found a sacrificial altar of Ru.
  2824 | D:3      | Noticed an ogre
  2830 | D:3      | Killed an ogre
  3238 | D:4      | Reached skill level 5 in Unarmed Combat
  3238 | D:4      | Reached XP level 6. HP: 53/61 MP: 5/5
  3521 | D:4      | Noticed Blork the orc
  3522 | D:4      | Found an iron altar of Okawaru.
  3538 | D:4      | HP: 1/61 [adder (3)]
  3538 | D:4      | Slain by an orc

Illustrated notes

Levels and vault maps discovered:
D:1:      onia_arrival_pentagram, layout_basic, serial_shops, shop,
          lexackson_kobold_supper
D:2:      layout_basic, shapermc_ecumenical_altar_starsandcircs
D:3:      layout_loops_ring, gammafunk_temple_overflow_forgotten,
          uniq_crazy_yiuf_cottage, uniq_jessica
D:4:      layout_basic, okawaru_metal_pillars_1_2, serial_shops,
          nicolae_take_the_stairs, uniq_blork_the_orc

Skill      XL: |  1  2  3  4  5 |
---------------+----------------+-----
Dodging        | 3 |  3.7
Unarmed Combat | 4 5 |  5.2
Fighting       | 3 |  3.1
Stealth        | |  1.7

Action                   |  1- 3 |  4- 6 || total
-------------------------+-------+-------++-------
Melee: Unarmed           |   122 |   115 ||   237
       Punch             |       |     1 ||     1
  Use: Scroll            |       |     2 ||     2
       Potion            |       |     2 ||     2
 Stab: Sleeping          |     1 |     1 ||     2
Armor: Robe              |    35 |    51 ||    86
Dodge: Dodged            |    56 |    76 ||   132
